Map: Emerald City LE

Players

OpuS

  • Race: Protoss Protoss
  • League: Platinum
  • Spawn Location: 11:00

Sketchaphone

  • Race: Zerg Zerg
  • League: Platinum
  • Spawn Location: 11:00

ScubaSteve - Winner!

  • Race: Terran Terran
  • League: Diamond
  • Spawn Location: 5:00

NotMaru - Winner!

  • Race: Terran Terran
  • League: Platinum
  • Spawn Location: 5:00

VOD

Have the link to the VOD?

Description

Time

  • Played on: Feb. 15, 2019, 10:35 p.m.
  • Length: 20:25
Show
View Real Time Build Order
Export as new Build Order

OpuS Protoss 

Build Orders: Colossus Rush 

Get SALT Encoding   

  12  0:00  Probe  
  13  0:13  Pylon  
  13  0:18  Probe  
  14  0:30  Probe  
  14  0:32  Gateway  
  15  0:39  Probe  
  15  0:46  Assimilator  
  16  0:51  Probe, Assimilator  
  17  0:59  Probe  
  18  1:08  Probe  
  19  1:19  Cybernetics Core  
  19  1:26  Probe  
  20  1:38  Probe  
  21  1:50  Nexus  
  21  1:57  Pylon  
  21  2:01  Warp Gate  
  21  2:09  Stalker  
  21  2:10  Probe  
  23  2:18  Probe  
  24  2:30  Robotics Facility  
  24  2:33  Probe  
  25  2:42  Stalker  
  27  2:46  Probe  
  28  2:52  Pylon  
  28  3:02  Probe x2  
  30  3:08  Gateway  
  30  3:17  Observer  
  31  3:24  Probe x2  
  31  3:25  Robotics Bay  
  33  3:34  Gateway  
  33  3:36  Probe  
  33  3:38  Probe  
  35  3:50  Stalker  
  37  3:57  Pylon  
  37  4:04  Gateway  
  37  4:06  Probe x2  
  37  4:08  Adept  
  41  4:21  Colossus  
  41  4:28  Adept  
  41  4:29  Probe x2  
  45  4:37  Extended Thermal Lance  
  51  4:41  Probe  
  51  4:42  Pylon  
  52  4:58  Probe  
  52  4:59  Probe  
  54  5:12  Stalker x4  
  54  5:13  Probe  
  54  5:14  Probe  
  64  5:20  Twilight Council  
  64  5:24  Assimilator  
  64  5:28  Assimilator  
  64  5:32  Probe x2  
  66  5:44  Probe x2  
  68  5:53  Gateway  
  68  5:54  Gateway  
  68  5:57  Gateway  
  68  5:59  Gateway  
  68  6:00  Probe x2  
  68  6:01  Pylon  
  68  6:02  Colossus  
  70  6:04  Pylon, Blink  
  76  6:25  Adept x2  
  76  6:26  Adept  
  76  6:29  Adept  
  84  6:47  Stalker  
  86  6:57  Pylon  
  86  6:59  Pylon  
  86  7:01  Pylon  
  76  7:03  Pylon  
  76  7:05  Pylon  
  62  7:12  Zealot x6  
  62  7:13  Zealot  
  71  7:22  Probe  
  71  7:23  Probe  
  71  7:28  Stalker  
  74  7:33  Colossus  
  74  7:34  Forge  
  74  7:35  Stalker x2  
  78  7:42  Templar Archives  
  84  7:58  Stalker  
  84  7:59  Stalker  
  88  8:08  Stalker x2  
  88  8:10  Protoss Ground Weapons Level 1  
  92  8:17  Psionic Storm  
  92  8:26  Stalker  
  94  8:27  Stalker  
  96  8:40  Charge  
  94  8:41  Colossus  
  83  9:08  Zealot x3  
  89  9:16  Probe x2  
  91  9:28  Probe x2  
  87  9:32  Stalker x3  
  87  9:33  Stalker x2  
  97  9:40  Probe x2  
  99  10:12  Nexus  
  80  10:34  Colossus  
  78  10:46  Stalker x2  
  78  10:47  Stalker x4, Protoss Ground Weapons Level 2  
  68  10:52  Pylon  
  66  11:11  High Templar x4  
  68  11:12  High Templar  
  68  11:13  Zealot x2  
  80  11:32  Zealot  
  82  11:36  Zealot x2  
  82  11:39  Shield Battery  
  86  11:45  Zealot x2  
  86  11:46  Zealot x2  
  88  12:00  Colossus  
  94  12:06  Probe x2  
  94  12:08  Probe  
  81  12:30  High Templar  
  81  12:31  High Templar  
  81  12:34  Probe x2  
  81  12:35  Probe  
  88  12:41  Zealot  
  90  12:45  Colossus  
  90  12:50  Stalker  
  92  12:52  Probe x2  
  100  13:01  Assimilator  
  100  13:03  Assimilator  
  100  13:06  Pylon  
  100  13:13  Protoss Ground Armor Level 1  
  100  13:19  Zealot x2  
  104  13:26  Stalker  
  104  13:28  Stalker  
  104  13:31  Stalker  
  108  13:42  Zealot x3  
  108  13:43  Zealot  
  108  13:53  Colossus  
  108  13:54  Archon  
  108  13:55  Archon x2  
  81  14:18  High Templar x4  
  81  14:19  Zealot x3  
  81  14:20  Zealot  
  89  14:25  Forge  
  89  14:28  Gateway  
  89  14:31  Gateway  
  89  14:39  Zealot  
  89  14:40  Zealot x3  
  51  15:04  Stalker x6  
  43  15:23  Colossus  
  29  16:23  High Templar x2  
  29  16:24  Nexus  
  29  16:25  High Templar x2  
  37  16:32  Zealot  
  37  16:33  Zealot  
  37  16:35  Pylon  
  41  16:56  Stalker  
  41  16:57  Stalker  
  45  17:09  High Templar  
  45  17:13  Zealot  
  49  17:20  Zealot  
  51  17:35  Probe x2  
  51  17:36  Probe  
  54  17:41  High Templar  
  56  17:49  Zealot  
  32  18:38  Colossus  
  32  18:40  Zealot x4  
  46  18:53  Probe x3  
  49  19:06  High Templar  
  49  19:08  High Templar  
  53  19:29  Assimilator  
  53  19:33  Assimilator  
  53  19:41  Stalker x2  
  53  19:45  Stalker  
Show
View Real Time Build Order
Export as new Build Order

Sketchaphone Zerg 

Build Orders: Hatch First 

Get SALT Encoding   

  12  0:02  Drone  
  13  0:12  Overlord  
  13  0:17  Drone  
  14  0:25  Drone, Extractor  
  15  0:36  Drone  
  15  0:37  Drone  
  17  0:58  Hatchery  
  17  1:01  Drone  
  17  1:02  Drone  
  17  1:03  Extractor  
  17  1:12  Drone  
  18  1:23  Spawning Pool  
  17  1:28  Drone x2  
  19  1:39  Overlord  
  19  1:49  Drone  
  20  2:00  Drone  
  21  2:09  Metabolic Boost  
  21  2:11  Queen  
  21  2:13  Queen  
  21  2:14  Drone  
  27  2:15  Drone  
  27  2:21  Drone  
  27  2:22  Zergling x2  
  29  2:32  Drone  
  30  2:44  Hatchery  
  29  2:47  Drone  
  29  2:48  Drone  
  31  2:53  Pneumatized Carapace  
  31  3:00  Overlord  
  31  3:01  Drone  
  32  3:09  Overlord  
  32  3:13  Drone  
  32  3:18  Overlord  
  33  3:20  Drone  
  33  3:25  Overlord  
  34  3:28  Drone x2  
  34  3:29  Drone x2  
  38  3:45  Baneling Nest  
  38  3:47  Queen  
  38  3:54  Overlord  
  38  4:00  Drone  
  38  4:01  Zergling x12  
  38  4:02  Zergling x2  
  46  4:06  Zergling x2  
  47  4:19  Queen  
  47  4:22  Lair  
  49  4:25  Evolution Chamber, Drone x2  
  49  4:26  Evolution Chamber  
  49  4:40  Overlord  
  49  4:45  Overlord  
  49  4:51  Zergling x2  
  50  4:53  Zerg Ground Armor Level 1  
  50  4:58  Extractor  
  49  5:03  Drone x11  
  60  5:17  Overlord  
  60  5:25  Hatchery  
  59  5:29  Overlord  
  59  5:35  Drone x2  
  61  5:47  Zerg Melee Weapons Level 1  
  61  5:48  Infestation Pit  
  60  5:54  Drone x14  
  60  5:57  Extractor  
  73  5:58  Extractor  
  72  6:16  Zergling x14  
  79  6:30  Zergling x14  
  79  6:52  Zergling x12  
  79  6:53  Zergling x12  
  87  6:59  Zergling x4  
  87  7:06  Zergling x4  
  80  7:15  Zergling x8  
  64  7:17  Baneling x16  
  64  7:18  Baneling x7  
  64  7:19  Drone x3  
  65  7:31  Zergling x16  
  73  7:39  Centrifical Hooks  
  73  7:43  Zergling x8  
  77  8:00  Zergling x10  
  77  8:03  Overlord x2  
  82  8:13  Overlord x2  
  82  8:17  Overlord  
  82  8:32  Zergling x18  
  84  9:03  Hatchery  
  84  9:05  Hatchery  
  84  9:08  Swarm Host  
  91  9:10  Drone  
  89  9:23  Zergling x8  
  89  9:24  Zergling x4  
  83  9:44  Queen  
  83  9:45  Spire  
  84  9:46  Drone x4  
  88  10:12  Overlord x2  
  66  10:42  Burrow  
  66  10:44  Swarm Host  
  84  10:58  Queen  
  86  11:13  Corruptor  
  86  11:14  Corruptor x7  
  102  11:21  Drone x3  
  96  12:01  Drone x15  
  106  12:25  Hatchery  
  106  12:27  Drone x7  
  112  12:31  Zergling x2  
  111  12:37  Extractor  
  111  12:40  Extractor  
  109  12:50  Hatchery  
  108  12:52  Zergling x12  
  108  12:56  Overlord  
  114  12:59  Zerg Ground Armor Level 2  
  102  14:08  Mutalisk x5  
  125  14:10  Overlord x3  
  125  14:24  Pathogen Glands, Hive  
  125  14:26  Zerg Flyer Weapons Level 1  
  125  14:31  Overlord x2  
  125  14:50  Baneling  
  125  14:51  Baneling x4  
  125  14:52  Zergling x34, Mutalisk  
  140  14:53  Mutalisk x2  
  146  15:08  Zergling x12  
  146  15:13  Baneling x5  
  146  15:14  Baneling x23  
  118  16:16  Zergling x28  
  129  16:20  Zerg Melee Weapons Level 2, Adrenal Glands  
  129  16:23  Zerg Ground Armor Level 3  
  129  16:31  Zergling x6  
  129  16:32  Zergling x8  
  133  17:01  Overlord  
  133  17:02  Overlord x3  
  112  17:14  Hydralisk Den  
  111  17:20  Corruptor  
  111  17:21  Corruptor x6  
  123  17:43  Hatchery  
  120  17:48  Hatchery  
  116  17:58  Corruptor  
  116  17:59  Corruptor x10  
  116  18:03  Greater Spire  
  138  18:11  Zergling x6  
  141  18:25  Hydralisk x6  
  106  19:00  Zergling x22  
  111  19:10  Queen  
  113  19:23  Extractor  
  102  19:26  Extractor  
  101  19:38  Hydralisk x3  
  99  19:40  Hatchery  
  102  19:54  Overlord x3  
  102  19:55  Hydralisk  
  102  19:56  Hydralisk x4  
  112  20:00  Spore Crawler  
  112  20:02  Overlord x2  
Show
View Real Time Build Order
Export as new Build Order

ScubaSteve Terran - Winner!

Build Orders: Reaper Expand 

Get SALT Encoding   

  12  0:00  SCV  
  13  0:13  SCV  
  14  0:17  Supply Depot  
  14  0:25  SCV  
  15  0:39  SCV  
  15  0:40  Barracks  
  16  0:45  Refinery  
  16  0:51  SCV  
  17  1:03  SCV  
  18  1:15  SCV  
  19  1:32  Reaper, Orbital Command  
  20  1:44  Command Center  
  20  1:55  Barracks  
  20  1:59  SCV  
  21  2:08  Barracks Reactor  
  21  2:16  SCV  
  21  2:20  Supply Depot  
  22  2:32  SCV  
  22  2:34  Barracks  
  22  2:36  Factory  
  23  2:47  Barracks Tech Lab  
  23  2:51  Refinery  
  23  2:56  Bunker  
  23  2:59  Orbital Command  
  23  3:03  SCV  
  23  3:05  Marine  
  25  3:12  Stimpack  
  25  3:16  Marine  
  25  3:17  Marine  
  27  3:21  SCV  
  27  3:24  Barracks Tech Lab  
  28  3:28  SCV  
  29  3:34  Supply Depot  
  29  3:44  SCV x2  
  29  3:45  Marine x2  
  33  3:50  Starport  
  33  3:54  Marine x2  
  35  3:56  SCV  
  35  3:58  Combat Shield  
  35  4:01  SCV  
  37  4:05  Factory Reactor  
  37  4:16  SCV x2  
  39  4:18  Marine  
  39  4:19  Marine x2  
  42  4:28  Engineering Bay  
  42  4:29  Engineering Bay, SCV x2  
  44  4:32  Marine  
  44  4:34  Starport Reactor  
  44  4:36  Marine  
  44  4:38  Marine x2  
  46  4:45  SCV x2  
  50  4:49  Widow Mine, Supply Depot  
  50  4:51  Marine  
  53  4:56  Missile Turret  
  53  5:03  Missile Turret  
  53  5:04  SCV  
  53  5:06  SCV  
  54  5:11  Marine x3, Supply Depot  
  54  5:12  Terran Infantry Weapons Level 1  
  57  5:15  Terran Infantry Armor Level 1  
  57  5:19  Medivac  
  59  5:25  SCV x2  
  61  5:28  Marine  
  61  5:33  Medivac, Marine x3  
  67  5:37  Supply Depot, SCV  
  68  5:43  SCV  
  68  5:46  Marine  
  70  5:53  Supply Depot  
  70  5:58  Marine x2  
  70  5:59  Widow Mine x2, SCV  
  70  6:02  Marine  
  70  6:03  Supply Depot  
  78  6:15  Marine, SCV  
  78  6:17  SCV, Command Center  
  81  6:19  Refinery  
  81  6:20  Refinery  
  81  6:25  Marine x3  
  84  6:35  Marine  
  84  6:36  Widow Mine x2  
  84  6:38  SCV x2  
  91  6:42  Marine  
  91  6:44  Marine x2  
  94  6:54  Marine  
  94  6:55  Medivac  
  91  7:04  Marine x2  
  91  7:05  Marine  
  91  7:06  Widow Mine  
  94  7:18  Supply Depot x2  
  94  7:19  Marine  
  94  7:29  Marauder, Marine x2, Widow Mine, SCV x2  
  102  7:37  Marine  
  102  7:39  Widow Mine  
  102  7:41  SCV x2  
  107  7:46  Marine x2  
  107  7:50  Barracks x2  
  107  7:51  Marauder, Widow Mine  
  113  7:53  SCV x2  
  113  7:54  Marine  
  116  8:04  Marine x2  
  118  8:12  Marauder  
  120  8:16  Marine  
  121  8:22  Marine  
  121  8:25  Marine  
  123  8:33  Marauder  
  125  8:38  Marine  
  125  8:40  Marine  
  125  8:56  Marine, SCV x2  
  125  8:57  Barracks Reactor, Supply Depot  
  125  8:58  Marine, Barracks Tech Lab, Supply Depot  
  125  8:59  Medivac x2, Widow Mine  
  125  9:00  Marauder x2, Widow Mine, Supply Depot  
  119  9:08  SCV  
  120  9:14  Marine  
  120  9:16  Marine  
  122  9:20  Marine, Widow Mine  
  122  9:21  Marauder, Widow Mine  
  122  9:22  Orbital Command  
  122  9:23  SCV x2  
  131  9:29  Marine  
  128  9:32  Marine  
  128  9:33  Marine  
  128  9:35  Marine, SCV x2  
  128  9:36  Sensor Tower  
  133  9:39  Reaper  
  133  9:42  Marine  
  133  9:43  Armory  
  135  9:45  Concussive Shells  
  135  9:47  Marine, SCV  
  135  9:50  Marine, SCV  
  135  9:52  Factory  
  139  9:53  SCV  
  139  9:56  Missile Turret  
  140  10:00  Marauder, Supply Depot  
  140  10:01  Supply Depot  
  140  10:02  Marine x2  
  140  10:03  Supply Depot  
  140  10:05  Marine x2  
  140  10:06  Widow Mine  
  113  10:34  Marine  
  113  10:35  Marauder, Marine x3  
  106  10:36  Factory Tech Lab, Marauder  
  106  10:42  Marine  
  87  10:43  Widow Mine  
  87  10:44  Widow Mine  
  85  10:52  Marine x2  
  85  10:53  Marine x2  
  85  10:54  SCV  
  85  10:55  SCV  
  95  10:57  Marauder x2  
  95  11:00  Marine  
  95  11:02  Terran Infantry Weapons Level 2  
  96  11:06  Terran Infantry Armor Level 2, Command Center  
  96  11:10  Marine x2  
  96  11:11  Marine  
  99  11:12  Marine  
  99  11:14  Widow Mine  
  99  11:16  Refinery  
  99  11:18  Marauder x2, Marine  
  107  11:21  Supply Depot, SCV x3  
  110  11:28  Marine x2  
  110  11:29  Widow Mine  
  114  11:33  SCV x2  
  114  11:36  Marauder  
  118  11:40  Marine x2  
  118  11:41  Marauder  
  122  11:48  Refinery  
  118  11:57  Marine  
  118  11:58  Marauder, Siege Tank  
  118  12:00  Marine x2  
  118  12:01  Marauder  
  124  12:02  Widow Mine x2, SCV  
  124  12:07  Marine  
  124  12:08  Supply Depot x2  
  130  12:09  Supply Depot  
  130  12:10  Sensor Tower  
  130  12:15  Terran Vehicle Weapons Level 1  
  130  12:17  Ghost Academy, Marine  
  130  12:18  Marine x2  
  130  12:19  Marauder  
  135  12:23  Planetary Fortress  
  135  12:29  Marine x2  
  137  12:30  Marauder, Siege Tank  
  137  12:31  Widow Mine x2  
  137  12:32  SCV x2  
  148  12:40  Supply Depot, SCV  
  148  12:42  Marine  
  150  12:44  SCV  
  150  12:47  Barracks  
  151  12:52  Marine x2  
  151  12:53  Marauder  
  154  13:00  Barracks  
  158  13:14  Marine  
  158  13:15  SCV  
  162  13:21  Missile Turret  
  162  13:23  Missile Turret  
  162  13:25  SCV x2  
  164  13:31  SCV  
  165  13:37  SCV x2  
  165  13:38  Marine  
  165  13:39  Barracks Tech Lab  
  165  13:41  Sensor Tower, Unknown x2  
  172  13:43  Unknown  
  172  13:45  Missile Turret  
  118  14:00  Command Center  
  113  14:05  Marine x3  
  113  14:06  Marauder  
  113  14:08  Marine  
  113  14:09  Unknown x2  
  105  14:13  Marine x2  
  103  14:24  Marine x2  
  103  14:25  Marauder  
  103  14:26  Widow Mine x2  
  103  14:30  Barracks Tech Lab  
  110  14:36  Medivac x2  
  110  14:38  Marine  
  115  14:41  SCV  
  115  14:42  SCV  
  117  14:52  Marine x2  
  121  14:53  Marauder  
  121  14:59  Marine  
  116  15:00  Marauder, Marine x2  
  123  15:13  Planetary Fortress  
  120  15:29  Unknown  
  120  15:32  Marine x4  
  128  15:52  Marine x5  
  128  15:54  Marine  
  134  15:58  Command Center  
  134  16:00  Starport  
  134  16:01  Starport, Terran Infantry Weapons Level 3, Marine  
  134  16:02  Unknown x3  
  135  16:07  Refinery x2  
  135  16:13  Marine x3  
  135  16:14  Marauder  
  142  16:23  Marine x3  
  142  16:24  Marauder  
  147  16:31  Marine x3  
  152  16:41  Marauder  
  152  16:42  Supply Depot  
  152  16:43  Unknown, Supply Depot x2  
  156  16:47  Sensor Tower  
  156  16:53  Marine x2  
  160  16:54  Marauder  
  160  16:55  Widow Mine x2  
  164  17:04  Unknown  
  164  17:06  Marine x3  
  167  17:10  Unknown  
  167  17:13  Starport Tech Lab  
  167  17:14  Starport Reactor  
  167  17:18  Planetary Fortress  
  167  17:19  Refinery  
  167  17:25  Marine x2  
  167  17:26  Marauder, SCV  
  167  17:27  Refinery, SCV x2  
  174  17:34  Supply Depot  
  174  17:37  Supply Depot  
  174  17:38  Supply Depot  
  174  17:40  Marine x2  
  174  17:41  Marauder  
  174  17:42  Sensor Tower, Thor  
  174  17:43  SCV  
  187  17:52  Marine x3  
  187  17:53  Marauder  
  187  17:55  Medivac  
  187  17:56  Factory  
  194  18:06  Supply Depot  
  194  18:07  Supply Depot x2  
  194  18:09  Unknown, Supply Depot  
  160  18:22  Liberator x2  
  149  18:28  Marine  
  149  18:29  Marauder, Marine  
  149  18:30  Marauder, Marine x3  
  149  18:33  Liberator  
  154  18:39  Medivac x2  
  156  18:46  Marine x2  
  156  18:47  Marine  
  156  18:48  Marauder, Marine  
  160  18:50  Marine  
  160  18:51  Marine, Liberator  
  160  18:55  Ghost Academy  
  165  18:56  Ghost Academy  
  165  18:57  Ghost Academy  
  165  18:59  Unknown x2, Marine  
  165  19:00  Marauder  
  171  19:10  Marine x2  
  171  19:12  Medivac  
  171  19:14  Command Center  
  175  19:17  Sensor Tower  
  175  19:32  Nuke x2  
  175  19:38  Marauder, Marine x2  
  179  19:39  Marine  
  179  19:41  Medivac  
  182  19:51  Marine x3  
  182  19:52  Marauder x2  
  189  19:57  Marine x3  
  194  20:00  Marauder  
Show
View Real Time Build Order
Export as new Build Order

NotMaru Terran - Winner!

Build Orders:  

Get SALT Encoding   

  12  0:01  SCV  
  13  0:13  SCV  
  14  0:20  Supply Depot  
  14  0:25  SCV  
  15  0:42  SCV  
  16  0:43  Barracks  
  16  0:54  SCV  
  17  1:06  SCV  
  18  1:22  Refinery  
  18  1:23  SCV  
  18  1:25  Command Center  
  19  1:36  Marine  
  19  1:39  Barracks  
  20  1:48  Orbital Command  
  20  1:56  Marine  
  21  2:20  SCV  
  22  2:23  Barracks Tech Lab  
  22  2:28  Refinery  
  22  2:29  Barracks Reactor  
  22  2:32  SCV  
  22  2:34  Barracks  
  23  2:39  SCV  
  23  2:40  Engineering Bay  
  24  2:54  Orbital Command  
  24  2:57  Refinery  
  24  3:01  Marine  
  24  3:03  Stimpack  
  25  3:08  Marine x2  
  27  3:19  Marine  
  28  3:20  Engineering Bay  
  28  3:22  SCV  
  28  3:25  Barracks Reactor  
  29  3:27  Marine x2  
  29  3:31  SCV  
  32  3:34  SCV  
  32  3:37  Marine  
  34  3:45  Marine x2  
  36  3:51  SCV x2  
  38  3:59  Terran Infantry Weapons Level 1  
  38  4:03  Terran Infantry Armor Level 1  
  38  4:25  Factory  
  38  4:26  Supply Depot  
  38  4:28  Supply Depot  
  38  4:33  Missile Turret  
  38  4:36  Missile Turret  
  38  4:47  Marine x5, SCV  
  38  4:50  SCV  
  45  4:56  Supply Depot  
  46  5:00  SCV  
  46  5:05  Marine x3  
  49  5:09  Combat Shield  
  49  5:11  Marine x2  
  49  5:14  Factory Tech Lab  
  51  5:20  Starport  
  51  5:23  Marine x3  
  51  5:24  SCV  
  51  5:25  SCV  
  56  5:36  SCV  
  57  5:45  SCV  
  57  5:46  Command Center  
  57  5:48  Marine x2  
  57  5:49  SCV  
  61  5:59  Supply Depot  
  61  6:02  Starport Reactor  
  61  6:06  Armory  
  61  6:15  Marine  
  62  6:20  Marine x4, Siege Tank  
  62  6:22  Starport  
  69  6:26  Refinery  
  69  6:27  SCV  
  70  6:57  Marine x2  
  61  7:26  Marine x3  
  61  7:27  Marine x2  
  61  7:28  Siege Tank  
  65  7:31  Starport Reactor  
  65  7:32  Viking x2  
  69  7:44  Orbital Command, Marine  
  69  7:48  SCV x2  
  69  7:51  Marine x4  
  76  8:00  SCV  
  76  8:02  Marine  
  78  8:12  Marine x4  
  82  8:14  Siege Tank  
  85  8:34  SCV  
  85  8:35  Marine x2, SCV  
  80  8:46  Siege Tank  
  80  8:47  SCV  
  78  9:01  Marine x4  
  78  9:02  Marine  
  80  9:12  Viking x2  
  84  9:19  Marine  
  85  9:24  Viking  
  85  9:31  Siege Tank  
  85  9:41  Terran Vehicle Weapons Level 1  
  85  9:44  Supply Depot  
  85  10:05  Siege Tank, Viking x2  
  92  10:08  Supply Depot  
  92  10:10  Supply Depot x2, Command Center  
  92  10:11  SCV  
  93  10:30  SCV, Viking  
  92  10:57  Marine x5  
  97  11:08  Factory, Supply Depot  
  97  11:11  Factory  
  97  11:14  Marine  
  97  11:15  Marine  
  93  11:34  Marine  
  93  11:35  Marine x4  
  93  11:36  Siege Tank  
  101  11:52  Marine x2  
  104  12:08  Siege Tank  
  104  12:15  Marine x5  
  78  12:24  Factory Tech Lab  
  78  12:26  Factory Tech Lab  
  78  12:27  Viking x3  
  78  12:28  Viking  
  81  12:33  Marine x5  
  81  12:36  Starport, Orbital Command  
  84  12:40  Siege Tank  
  87  12:50  Marine  
  87  12:51  Marine  
  89  12:57  Viking x2  
  93  13:01  Orbital Command  
  93  13:04  Viking x2  
  97  13:07  Armory  
  97  13:09  SCV x2  
  97  13:12  Siege Tank  
  102  13:18  Starport Reactor  
  102  13:27  Viking  
  102  13:30  SCV  
  102  13:31  SCV x2  
  107  13:43  Siege Tank x2, SCV x2  
  107  13:45  Marine x4  
  118  13:55  Orbital Command  
  119  14:20  Sensor Tower  
  119  14:29  Siege Tank x2  
  125  14:32  Medivac  
  125  14:33  Viking x4  
  126  15:01  Siege Tank  
  126  15:17  Marine  
  126  15:18  Marine, SCV  
  125  15:21  Marine x2  
  125  15:35  SCV  
  78  15:54  Marine x3  
  79  16:00  Command Center  
  68  16:29  Marine x5  
  68  16:31  Siege Tank  
  76  16:33  Viking x4  
  84  16:42  Viking x2  
  84  16:43  Siege Tank x2  
  84  16:47  Marine x2  
  90  17:03  Siege Tank, Viking x4  
  101  17:16  Orbital Command  
  101  17:20  Refinery, SCV  
  101  17:21  Refinery  
  102  17:57  SCV  
  103  18:03  Viking x4  
  103  18:04  Viking x2  
  115  18:05  Siege Tank  
  115  18:06  Siege Tank x2  
  115  18:07  Marine  
  125  18:38  Command Center  
  125  19:33  Marine x2  
  125  19:36  Viking  
  125  19:47  Viking x2  
  125  19:48  Viking  
  125  19:49  Viking x2  
Tags
 
Add a new tag
Caveats
  • Supply blocks, unpowered buildings, or Contaminate may cause inaccurate times.
  • Supply counts are checked every 10 seconds.